Map: Abyssal Reef LE

Players

eightfourtwo - Winner!

  • Race: Zerg Zerg
  • League: Platinum
  • Spawn Location: 5:00

Juxtapose

  • Race: Terran Terran
  • League: Silver
  • Spawn Location: 11:00

VOD

https://youtu.be/TrJ4JHBJvSA

Description

Based on my performance in Unranked, I expected to be placed in either high Silver League or low Gold League, and it looks like I was right: I'm in Silver League 2, which isn't bad at all for my skill.

So naturally, I expected it would start matching me against Silver League opponents seeing as how I just placed in this league. Apparently not, and another Platinum League opponent is in order.

Time

  • Played on: July 16, 2017, 3:22 p.m.
  • Length: 15:02
Show
View Real Time Build Order
Export as new Build Order

eightfourtwo Zerg - Winner!

Build Orders: Hatch First 

Get SALT Encoding   

  12  0:11  Overlord  
  12  0:15  Drone  
  12  0:18  Drone  
  14  0:29  Drone  
  14  0:33  Drone  
  16  1:01  Hatchery  
  15  1:05  Drone  
  15  1:06  Overlord  
  15  1:08  Drone  
  17  1:32  Spawning Pool  
  16  1:33  Extractor  
  16  1:34  Drone  
  16  1:36  Overlord  
  16  1:45  Drone  
  17  1:57  Drone  
  18  2:18  Queen  
  18  2:19  Queen  
  18  2:20  Zergling x2  
  18  2:22  Drone x2  
  25  2:23  Drone  
  26  2:39  Metabolic Boost  
  26  2:42  Drone x2  
  26  2:43  Drone  
  29  3:03  Queen x2  
  33  3:10  Drone x3  
  33  3:11  Drone  
  37  3:19  Evolution Chamber  
  36  3:24  Overlord  
  36  3:27  Overlord  
  35  3:42  Baneling Nest  
  34  3:50  Drone x2  
  34  3:51  Drone, Zergling x4  
  34  3:52  Zergling x2  
  40  3:59  Queen  
  40  4:01  Lair  
  42  4:03  Drone x2  
  44  4:13  Extractor  
  43  4:17  Extractor  
  43  4:18  Extractor  
  42  4:24  Drone x3  
  42  4:25  Zergling x2  
  42  4:28  Hatchery  
  44  4:41  Pneumatized Carapace  
  44  4:43  Drone x3  
  44  4:44  Drone x4  
  51  5:05  Drone x2  
  51  5:06  Drone  
  51  5:07  Drone x2  
  56  5:17  Overseer  
  56  5:33  Infestation Pit  
  55  5:37  Spire  
  55  5:40  Evolution Chamber  
  53  5:44  Drone x4  
  53  5:45  Drone x3  
  60  6:13  Zergling x2  
  60  6:14  Zergling x16  
  60  6:15  Zergling x2  
  60  6:18  Overlord x5  
  66  6:19  Overlord  
  66  6:45  Hatchery  
  66  6:46  Baneling  
  65  6:47  Baneling x7  
  65  6:48  Baneling x8  
  65  6:49  Zergling x14  
  65  6:50  Zergling x10  
  77  6:55  Hive  
  77  6:58  Centrifical Hooks  
  77  7:25  Drone  
  77  7:26  Drone x7  
  77  7:27  Drone x2  
  87  7:30  Zerg Ground Armor Level 1  
  87  7:33  Zerg Melee Weapons Level 1  
  87  7:39  Hatchery  
  86  7:54  Corruptor x4  
  86  7:55  Zergling x4  
  75  8:21  Corruptor  
  75  8:22  Corruptor x4  
  75  8:23  Zergling x4  
  75  8:24  Zergling x10  
  92  8:31  Drone  
  92  8:34  Drone x3  
  96  8:51  Adrenal Glands  
  96  8:55  Greater Spire  
  96  9:00  Extractor x2  
  96  9:02  Extractor  
  93  9:03  Extractor  
  93  9:04  Drone x2  
  93  9:05  Drone x5  
  99  9:20  Zergling x2  
  99  9:21  Zergling x4  
  99  9:22  Zergling x2  
  103  9:32  Drone x2  
  103  9:33  Drone x3  
  103  9:34  Drone, Zerg Ground Armor Level 2  
  103  9:36  Zerg Melee Weapons Level 2  
  109  9:44  Corruptor  
  111  9:46  Zergling x10  
  111  9:47  Zergling x12  
  111  9:49  Extractor  
  111  9:50  Extractor  
  120  10:12  Zergling x2  
  120  10:13  Zergling x2  
  121  10:20  Zerg Flyer Weapons Level 1  
  121  10:33  Overlord x2  
  121  10:34  Overlord  
  121  10:35  Overlord  
  121  10:36  Overlord x2  
  121  10:38  Overlord  
  115  11:04  Brood Lord  
  115  11:05  Brood Lord x6  
  115  11:07  Zergling x4  
  115  11:08  Zergling x26  
  115  11:09  Zergling x4  
  142  11:15  Drone x2  
  142  11:16  Drone x2  
  142  11:17  Drone x2  
  148  11:21  Drone x3  
  148  11:22  Drone x2  
  153  11:53  Corruptor  
  155  11:54  Corruptor x8  
  155  11:59  Zergling x2  
  172  12:12  Overseer x5  
  172  12:14  Zerg Flyer Armor Level 1  
  172  12:23  Hatchery  
  171  12:31  Corruptor x3  
  171  12:32  Corruptor x2  
  171  12:33  Zergling x2  
  182  12:37  Overlord x3  
  182  12:38  Overlord x6  
  182  12:39  Overlord  
  182  13:10  Zergling x4  
  182  13:11  Zergling x22  
  182  13:12  Zergling x4  
  181  13:23  Zergling x8  
  181  13:24  Zergling x2  
  168  13:27  Zergling x2  
  165  13:35  Zergling x6  
  165  13:36  Zergling x2  
  161  13:43  Zergling x4  
  161  13:46  Zergling x2  
  161  13:47  Zergling x4  
  150  14:21  Corruptor  
  150  14:22  Corruptor x6  
  150  14:23  Corruptor x2, Zergling x2  
  150  14:24  Zergling x10  
Show
View Real Time Build Order
Export as new Build Order

Juxtapose Terran 

Build Orders: MMM Bio 

Get SALT Encoding   

  12  0:01  SCV  
  13  0:13  SCV  
  14  0:22  Supply Depot  
  14  0:25  SCV  
  15  0:43  SCV  
  15  0:46  Barracks  
  16  0:55  SCV  
  17  1:08  SCV  
  17  1:10  Supply Depot  
  18  1:20  SCV  
  18  1:32  SCV  
  19  1:47  Orbital Command  
  19  1:48  Refinery  
  19  1:49  Marine  
  20  2:00  Barracks  
  20  2:11  Marine  
  21  2:17  SCV  
  22  2:29  SCV, Marine  
  24  2:41  SCV  
  25  2:46  Marine  
  25  2:49  Refinery  
  25  2:50  Barracks Tech Lab  
  26  3:02  Engineering Bay  
  26  3:04  Marine  
  26  3:15  Supply Depot  
  26  3:21  SCV  
  26  3:22  Marine  
  26  3:26  Stimpack, Marine  
  29  3:32  Factory  
  29  3:33  SCV  
  30  3:44  Marine  
  30  3:46  Supply Depot  
  31  3:59  Barracks Reactor  
  31  4:03  Command Center  
  31  4:09  SCV  
  32  4:13  Terran Infantry Weapons Level 1  
  32  4:15  Marine  
  33  4:20  Widow Mine  
  35  4:25  Starport  
  35  4:33  Marine  
  35  4:36  Marine x2  
  38  4:48  Widow Mine  
  38  4:51  Marine  
  41  4:53  Marine  
  41  4:54  Marine  
  45  5:10  Starport Tech Lab  
  43  5:16  Marine x2  
  43  5:20  Factory Tech Lab  
  45  5:30  Medivac  
  47  5:39  Orbital Command  
  47  5:52  Siege Tank  
  50  5:59  Refinery, Marine x3  
  50  6:00  Medivac  
  55  6:17  Marine x3  
  58  6:24  Siege Tank  
  59  6:28  Supply Depot  
  59  6:30  Viking  
  61  6:41  Refinery  
  61  6:42  SCV  
  62  6:49  Marine x3  
  62  6:50  SCV, Supply Depot  
  66  6:54  SCV  
  66  7:00  Raven  
  69  7:02  SCV  
  70  7:11  Marine x3  
  70  7:14  Supply Depot  
  73  7:23  Siege Tank  
  73  7:29  Marine x2  
  78  7:35  Marine  
  79  7:41  SCV  
  79  7:42  SCV  
  79  7:43  Medivac  
  83  7:47  Marine x2  
  49  8:12  Raven  
  49  8:17  Marine x3  
  54  8:33  Armory  
  54  8:34  Marine  
  54  8:35  Marine  
  54  8:37  Supply Depot  
  56  8:42  Combat Shields, Marine  
  57  8:52  Marine  
  57  8:55  Raven  
  58  9:01  Supply Depot  
  60  9:09  Terran Infantry Armor Level 1  
  60  9:12  Corvid Reactor  
  60  9:14  Marine x2  
  60  9:15  Marine  
  63  9:27  SCV x2  
  65  9:31  Command Center  
  65  9:34  Marine x2  
  65  9:35  Marine  
  65  9:37  Thor  
  74  9:39  SCV x2  
  76  9:51  SCV x2  
  76  9:52  Marine x2  
  80  9:53  Medivac, Marine  
  82  10:02  Barracks  
  82  10:03  SCV  
  83  10:10  SCV, Marine x3  
  87  10:22  SCV  
  87  10:25  Thor  
  87  10:28  Marine  
  95  10:34  SCV x2  
  95  10:35  Marine x2  
  98  10:40  Supply Depot  
  99  10:45  Marine  
  99  10:46  SCV  
  99  10:49  Supply Depot  
  99  10:53  Marine  
  100  10:57  Marine  
  100  11:03  Marine  
  102  11:04  Supply Depot  
  102  11:05  Medivac  
  102  11:11  Marine  
  105  11:14  Supply Depot, Thor  
  105  11:15  Marine  
  112  11:21  Marine  
  112  11:23  Planetary Fortress  
  113  11:27  SCV x2  
  113  11:28  Marine  
  116  11:33  Marine  
  116  11:35  Medivac  
  116  11:36  Barracks Reactor  
  116  11:39  SCV, Marine  
  121  11:46  Marine  
  122  11:51  Marine  
  122  11:52  Terran Vehicle Weapons Level 1  
  122  11:54  Terran Infantry Weapons Level 2  
  123  11:57  Marine  
  123  12:00  Supply Depot  
  124  12:04  Marine  
  124  12:06  SCV  
  124  12:07  SCV x2  
  128  12:12  Recalibrated Explosives  
  128  12:14  Thor  
  134  12:16  Marine x4  
  134  12:20  Raven  
  134  12:22  Marine  
  141  12:24  Supply Depot  
  141  12:28  Refinery  
  141  12:30  Refinery  
  141  12:34  Marine  
  142  12:42  Marine x4  
  146  12:46  Liberator  
  146  12:51  Marine  
  147  13:03  Marine x3  
  147  13:05  Unknown  
  106  13:29  Liberator  
  75  13:41  Marine x4  
  75  13:42  Marine  
  75  13:44  Thor  
  54  13:59  Marine  
  54  14:00  Marine x4  
  50  14:08  SCV  
  51  14:17  Marine x2  
  51  14:19  Marine  
  51  14:20  Marine x2  
  50  14:34  Marine  
  50  14:35  Marine  
  50  14:37  Marine x2  
  50  14:38  Marine  
Tags
 
Composition
MMM Bio
Matchup
TvZ
Spawn Locations
Cross Positions
Add a new tag
Caveats
  • Supply blocks, unpowered buildings, or Contaminate may cause inaccurate times.
  • Supply counts are checked every 10 seconds.